 Dungeon Crawl Stone Soup version 0.29.1-2-gbd0b4ee654 (webtiles) character file.

Game seed: 8820451867561994630

35 croobank the Digger (level 3, -6/28 HPs)
             Began as a Demigod Earth Elementalist on Oct 28, 2022.
             Mangled by a gnoll
             ... wielding a +0 hand axe
              (9 damage)
             ... on level 2 of the Dungeon.
             The game lasted 00:02:32 (776 turns).

croobank the Digger (Demigod Earth Elementalist)     Turns: 776, Time: 00:02:33

Health: -6/28      AC:  2    Str:  9    XL:     3   Next: 4%
Magic:  1/8        EV: 10    Int: 21    God:
Gold:   61         SH:  0    Dex: 14    Spells: 3/6 levels left

rFire   . . .      SeeInvis .   d - +0 short sword
rCold   . . .      Faith    .   (no shield)
rNeg    . . .      Spirit   .   a - +0 robe
rPois   .          Reflect  +   (no helmet)
rElec   .          Harm     .   (no cloak)
rCorr   .          Rampage  .   (no gloves)
Will    .....                   (no boots)
Stlth   ++........              i - amulet of reflection
HPRegen 0.09/turn               k - +4 ring of evasion
MPRegen 0.11/turn               (no ring)

@: brilliant, attractive, held
A: high MP 1, forlorn, divine attributes
a: no special abilities


You were on level 2 of the Dungeon.
You visited 1 branch of the dungeon, and saw 2 of its levels.

You collected 61 gold pieces.

Inventory:

Hand Weapons
 d - a +0 short sword (weapon)
Missiles
 l - 6 javelins
Armour
 a - a +0 robe (worn)
Jewellery
 i - an amulet of reflection (around neck)
 k - a +4 ring of evasion (left hand)
Scrolls
 f - 2 scrolls of amnesia {unknown}
 g - a scroll of enchant weapon {unknown}
 h - a scroll of magic mapping {unknown}
 m - a scroll of identify {unknown}
Potions
 b - a potion of magic
 j - 2 potions of heal wounds {unknown}
 n - a potion of lignification {unknown}


   Skills:
 + Level 1.0 Fighting
 + Level 2.0 Dodging
 + Level 2.1 Stealth
 + Level 2.0 Spellcasting
 + Level 0.3 Summonings
 + Level 1.3 Transmutations
 + Level 2.9 Earth Magic


You had 3 spell levels left.
You knew the following spells:

 Your Spells              Type           Power      Damage    Failure   Level
a - Sandblast             Erth           42%        2d11      4%          1
b - Call Imp              Summ           5%         N/A       19%         2

Your spell library contained the following spells:

 Spells                   Type           Power      Damage    Failure   Level
 Passwall                 Tmut/Erth      13%        N/A       10%         2
 Magic Dart               Conj           12%        1d3       14%         1
 Stone Arrow              Conj/Erth      24%        3d8       24%         3
 Mephitic Cloud           Conj/Pois/Air  3%         N/A       41%         3
 Petrify                  Tmut/Erth      16%        N/A       52%         4


Dungeon Overview and Level Annotations

Branches:
Dungeon (2/15)


Innate Abilities, Weirdness & Mutations

You have an increased reservoir of magic. (+10% MP)
You shall have no god before yourself.
Your divine heritage dramatically boosts your attributes as you level up.


Message History

Your Spellcasting skill increases to level 2!
You have reached level 3!
Your experience leads to a dramatic increase in your attributes!
Increase (S)trength, (I)ntelligence, or (D)exterity?
You feel clever. x4
Casting: Sandblast (safe; 4% risk of failure)
Confirm with . or Enter, or press ? or * to list all spells.
Aiming: Sandblast (safe; 4% risk of failure)
Press: ? - help, Shift-Dir - straight line, f - gnoll
Aim: a gnoll, wielding a +0 spear (84% to hit)
The blast of sand hits the gnoll.
The gnoll is lightly wounded.
The gnoll hits you from afar with a +0 spear!
The gnoll barely misses you.
Casting: Sandblast (safe; 4% risk of failure)
Confirm with . or Enter, or press ? or * to list all spells.
Aiming: Sandblast (safe; 4% risk of failure)
Press: ? - help, Shift-Dir - straight line, f/p - gnoll
Aim: a gnoll, wielding a +0 spear (lightly wounded, 84% to hit)
The blast of sand hits the gnoll!
The gnoll is severely wounded.
The gnoll hits you from afar with a +0 spear.
* * * LOW HITPOINT WARNING * * *
Casting: Sandblast (safe; 4% risk of failure)
Confirm with . or Enter, or press ? or * to list all spells.
Aiming: Sandblast (safe; 4% risk of failure)
Press: ? - help, Shift-Dir - straight line, f/p - gnoll
Aim: a gnoll, wielding a +0 spear (severely wounded, 84% to hit)
The blast of sand hits the gnoll but does no damage.
The gnoll is severely wounded.
The gnoll closely misses you.
The gnoll hits you from afar with a +0 spear.
* * * LOW HITPOINT WARNING * * *
It was a potion of brilliance.
You feel clever all of a sudden. The gnoll completely misses you.
It was a potion of attraction.
You feel attractive to monsters. The gnoll hits you with a +0 hand axe!
You die...

#..........# .#
..#..##### #
..##.##
#########
......##
#.......#
#.###..###
#....$..# #.#
##...###.......#
..#
###...........#
###
####........#
##....@.g#
........g./.....
......###.####.#
........ .#
......... .#
.......#...#
......###.. .#


You could see 2 gnolls.

Vanquished Creatures
  A gnoll (D:2)
  A dart slug (D:1)
  3 ball pythons
  2 bats (D:1)
  6 endoplasms
  A goblin (D:1)
  2 hobgoblins (D:1)
  A frilled lizard (D:1)
  2 kobolds (D:1)
  2 rats
21 creatures vanquished.

Notes
Turn   | Place    | Note
-------+----------+-------------------------------------------
     0 | D:1      | croobank the Demigod Earth Elementalist began the quest for
                  | the Orb.
     0 | D:1      | Reached XP level 1. HP: 14/14 MP: 5/5
    72 | D:1      | Reached skill level 1 in Transmutations
   303 | D:1      | Reached XP level 2. HP: 22/22 MP: 4/7
   306 | D:1      | Learned a level 2 spell: Call Imp
   772 | D:2      | Reached skill level 1 in Fighting
   772 | D:2      | Reached XP level 3. HP: 20/28 MP: 3/8
   776 | D:2      | Mangled by a gnoll

Illustrated notes

Levels and vault maps discovered:
D:1:      minmay_arrival_radiant_lines, layout_rooms
D:2:      layout_basic, shapermc_ecumenical_altar_starsandcircs

Skill      XL: |  1  2 |
---------------+-------+-----
Transmutations | 1 |  1.3
Stealth        | 2 |  2.1
Dodging        | 2 |  2.0
Fighting       | 1 |  1.0
Spellcasting   | 2 |  2.0
Summonings     | |  0.3
Earth Magic    | |  2.9

Action                   || total
-------------------------++-------
Melee: Short sword       ||     1
 Cast: Sandblast         ||    31
  Use: Potion            ||     2
Dodge: Dodged            ||     7
